 Dungeon Crawl Stone Soup version 0.16-a0-3699-g1c51eb1 (webtiles) character file.

1549 dysrexia the Basher (level 8, -6/49 HPs)
             Began as a Gargoyle Fighter on Jan 18, 2015.
             Mangled by an orc warrior
             ... wielding a +0 long sword
              (7 damage)
             ... on level 6 of the Dungeon.
             The game lasted 00:14:55 (5071 turns).

dysrexia the Basher (Gargoyle Fighter)              Turns: 5071, Time: 00:14:56

Health: -6/49      AC: 18    Str: 22    XL:     8   Next: 87%
Magic:  8/8        EV:  5    Int:  9    God:
Gold:   261        SH:  9    Dex:  9    Spells: 0 memorised, 7 levels left

rFire  . . .     SeeInvis .     a - +0 flail
rCold  . . .     Clarity  .     s - +0 chain mail
rNeg   + . .     SustAb   .     c - +0 shield
rPois  ∞         Gourm    .     (no helmet)
rElec  +         Spirit   .     t - +2 cloak
rCorr  .         Warding  .     o - +0 pair of gloves
rMut   .         Stasis   .     (no boots)
MR     +....                    e - amulet of regeneration
Stlth  ..........               (no ring)
                                q - ring of protection from magic

@: somewhat resistant to hostile enchantments, extremely unstealthy
A: negative energy resistance 1, electricity resistance, unbreathing,
petrification resistance, rot immunity, AC +5
a: no special abilities


You were on level 6 of the Dungeon.
You were not hungry.

You visited 1 branch of the dungeon, and saw 6 of its levels.

You collected 261 gold pieces.

Inventory:

Hand weapons
 a - a +0 flail (weapon)
Missiles
 u - 2 throwing nets (quivered)
Armour
 c - a +0 shield (worn)
 o - a +0 pair of gloves (worn)
 s - a +0 chain mail (worn)
 t - a +2 cloak (worn)
Jewellery
 e - an amulet of regeneration (around neck)
 q - a ring of protection from magic (left hand)
Magical devices
 r - a wand of enslavement (13)
 w - a wand of draining (4)
Scrolls
 i - a scroll of remove curse
 l - 2 scrolls of identify
Potions
 h - 3 potions of brilliance
 j - a potion of curing
 k - a potion of invisibility
 n - 2 potions of lignification
 v - a potion of magic {unknown}
Books
 b - a book of Ice

   Spells                             Type                      Level
   a - Ice Form                       Ice/Transmutation            4
   b - Metabolic Englaciation         Hexes/Ice                    5
   c - Ozocubu's Refrigeration        Ice                          6
   d - Bolt of Cold                   Conjuration/Ice              6
   e - Freezing Cloud                 Conjuration/Ice/Air          6
   f - Simulacrum                     Ice/Necromancy               6
Comestibles
 d - 5 bread rations
 f - 3 slices of pizza
 g - 3 meat rations
 m - a beef jerky
 p - 2 chunks of flesh


   Skills:
 + Level 5.2 Fighting
 - Level 10.3 Maces & Flails
 - Level 3.2 Armour
 - Level 3.2 Shields


You had 7 spell levels left.
You didn't know any spells.

Dungeon Overview and Level Annotations

Branches:
Dungeon (6/15)
 Temple: D:4-7

Altars:
Ashenzari
Cheibriados
Elyvilon
Gozag
Qazlal
Trog
Xom


Innate Abilities, Weirdness & Mutations

You are resistant to torment.
You are immune to poison.
Your stone body is very resilient (AC +5).
You resist negative energy.
You are resistant to electric shocks.
You can survive without breathing.
You are immune to petrification.
You are immune to rotting.


Message History

* * * LOW HITPOINT WARNING * * *
The orc wizard hits you but does no damage.
You sock the orc warrior!
The orc warrior is severely wounded.
The orc wizard mumbles some strange words.
The orc wizard blinks!
The orc warrior hits you but does no damage.
You hit the orc warrior but do no damage.
The orc warrior is severely wounded.
You hit the orc warrior.
The orc warrior is almost dead.
The orc warrior hits you with a long sword!
* * * LOW HITPOINT WARNING * * *
The orc wizard hits you but does no damage.
You barely miss the orc warrior.
The orc warrior is almost dead.
The orc wizard casts a spell at you. The magic dart hits you!
The orc warrior hits you with a long sword!
You die...

#.#
#.#
#.#
#.# .
#.#
#.##.#
#.##.#
#.##o#
#.##@#
#.##o#
#.##s#
#.##.#
#....#
#o####
#o.#
#o.o#
#..s..


You could see an orc warrior, an orc wizard and a giant cockroach.

Vanquished Creatures
  The ghost of Gorice the Cutter, an experienced DgWn (D:5)
  The ghost of dysrexia the Cudgeler, an average GrFi (D:4)
  3 eyes of draining (D:4)
  An ogre (D:5)
  A scorpion (D:4)
  A water moccasin skeleton (D:4)
  A crimson imp (D:6)
  A giant frog skeleton (D:4)
  2 orc priests
  A centaur zombie (D:6)
  4 orc wizards
  An iguana (D:4)
  3 worker ants
  Ijyb (D:3)
  A worker ant zombie (D:5)
  Robin (D:3)
  2 adders (D:3)
  A giant mite (D:2)
  2 worms
  An adder skeleton (D:5)
  A giant gecko (D:1)
  An ooze (D:2)
  12 orcs
  7 bats
  2 bat skeletons
  3 giant cockroaches
  14 hobgoblins
  3 jackals (D:3)
  2 quokkas
  2 ball pythons
  A giant gecko skeleton (D:4)
  6 giant newts
  18 goblins
  12 kobolds
  13 rats
127 creatures vanquished.

Vanquished Creatures (others)
  A bat (D:2)
  A giant gecko (D:2)
2 creatures vanquished.

Grand Total: 129 creatures vanquished

Notes
Turn   | Place    | Note
--------------------------------------------------------------
     0 | D:1      | dysrexia, the Gargoyle Fighter, began the quest for the Orb.
     0 | D:1      | Reached XP level 1. HP: 14/14 MP: 1/1
   149 | D:1      | Reached XP level 2. HP: 19/19 MP: 2/2
   794 | D:1      | Reached XP level 3. HP: 19/23 MP: 3/3
   893 | D:2      | Found a stormy altar of Qazlal.
  1199 | D:2      | Found a white marble altar of Elyvilon.
  1692 | D:2      | Reached skill level 4 in Maces & Flails
  1814 | D:3      | Noticed Robin
  1816 | D:3      | Reached XP level 4. HP: 28/28 MP: 4/4
  1834 | D:3      | Killed Robin
  1860 | D:3      | Found a shimmering altar of Xom.
  1862 | D:3      | Found a shimmering altar of Xom.
  2047 | D:3      | Noticed Ijyb
  2059 | D:3      | Killed Ijyb
  2059 | D:3      | Reached skill level 5 in Maces & Flails
  2059 | D:3      | Reached XP level 5. HP: 27/32 MP: 5/5
  3203 | D:4      | Noticed dysrexia's ghost (average GrFi)
  3228 | D:4      | Reached skill level 6 in Maces & Flails
  3228 | D:4      | Reached XP level 6. HP: 31/37 MP: 6/6
  3232 | D:4      | Killed dysrexia's ghost
  3232 | D:4      | Reached skill level 7 in Maces & Flails
  3251 | D:4      | Found an opulent altar of Gozag.
  3304 | D:4      | Reached XP level 7. HP: 41/41 MP: 7/7
  3325 | D:4      | Found a snail-covered altar of Cheibriados.
  3717 | D:4      | Noticed an eye of draining
  3718 | D:4      | Found a bloodstained altar of Trog.
  3718 | D:4      | Noticed an eye of draining
  3718 | D:4      | Noticed an eye of draining
  3738 | D:4      | Killed an eye of draining
  3748 | D:4      | Killed an eye of draining
  3748 | D:4      | Reached skill level 8 in Maces & Flails
  3757 | D:4      | Killed an eye of draining
  4010 | D:5      | Entered Level 5 of the Dungeon
  4012 | D:5      | Noticed Gorice's ghost (experienced DgWn)
  4059 | D:5      | Killed Gorice's ghost
  4059 | D:5      | Reached skill level 10 in Maces & Flails
  4059 | D:5      | Reached XP level 8. HP: 39/46 MP: 8/8
  4071 | D:5      | Found a shattered altar of Ashenzari.
  4896 | D:6      | Reached skill level 5 in Fighting
  5070 | D:6      | HP: 1/49 [orc warrior/long sword (10)]
  5071 | D:6      | Mangled by an orc warrior

Action                   |  1- 3 |  4- 6 |  7- 9 || total
-------------------------+-------+-------+-------++-------
Melee: Flail             |   163 |   139 |   269 ||   571
  Use: Scroll            |     6 |     2 |     3 ||    11
       Potion            |       |     3 |     1 ||     4
  Eat: Chunk             |     3 |     5 |     7 ||    15
